 Dungeon Crawl Stone Soup version 0.32-a0-913-g739538afd8 (webtiles) character file.

Game seed: 12772762445409559113

226089 Daunt the Severer (level 19, -17/155 HPs)
             Began as a Coglin Gladiator on Apr 9, 2024.
             Was an Initiate of Gozag.
             Demolished by an angel
             ... wielding a +1 whip of holy wrath
              (26 damage)
             ... on level 3 of the Shoals on Apr 10, 2024.
             The game lasted 03:35:26 (34416 turns).

Daunt the Severer (Coglin Gladiator)               Turns: 34416, Time: 03:35:26

Health: -17/155    AC: 25    Str: 17    XL:     19   Next: 34%
Magic:  19/19      EV: 14    Int:  9    God:    Gozag
Gold:   7470       SH:  0    Dex: 17    Spells: 18/18 levels left

rFire   + + .        a - +9 broad axe (flame) {Simosihle}
rCold   + + .        b - +6 shillelagh "Devastator" {shatter}
rNeg    . . .        G - +2 scale mail of the Barber Surgeon {rC++ Slay+2}
rPois   .            M - +2 hood of the Assassin {Detect Stab+ Stlth++}
rElec   +            F - +2 cloak {Stlth+}
rCorr   .            H - +1 pair of gloves "Giranof" {^Drain rF++ Regen+ SInv}
SInv    +            X - +0 pair of boots of Past Mistakes {Will++ Str-3}
Will    ++++.        (amulet unavailable)
Stlth   ++           (ring unavailable)
HPRegen 1.25/turn    (ring unavailable)
MPRegen 0.16/turn    D - experimental geoturbine {RevParry, rElec Will+}

%: no passive effects
@: glowing, revving
A: off-hand wielding, slow wielding, warmup strikes, no jewellery
}: 1/15 runes: serpentine
a: Renounce Religion, Potion Petition, Call Merchant, Bribe Branch


You were on level 3 of the Shoals.
You worshipped Gozag.
Gozag was greatly pleased with you.
You visited 6 branches of the dungeon, and saw 31 of its levels.
You also visited: Gauntlet, Ice Cave and Volcano.

You collected 13258 gold pieces.
You spent 4972 gold pieces at shops.
You paid 816 gold pieces to Gozag.

Inventory:

Hand Weapons
 a - a +9 broad axe of flaming (weapon) {Simosihle}
 b - the +6 shillelagh "Devastator" (offhand) {shatter}
   (You found it on level 5 of the Dungeon)
 N - a +5 war axe of freezing {Ulrich}
Missiles
 d - 14 throwing nets
 e - 9 javelins
 f - 3 datura-tipped darts
 k - 7 atropa-tipped darts
 l - 41 poisoned darts
 E - 92 stones
 J - 30 boomerangs (quivered)
 W - 4 curare-tipped darts
Armour
 g - a +1 crystal plate armour of cold resistance
 F - a +2 cloak of stealth (worn)
 G - the +2 scale mail of the Barber Surgeon (worn) {rC++ Slay+2}
   (You bought it in a shop on level 6 of the Dungeon)

   Slay+2:    It affects your accuracy & damage with ranged weapons and melee
   (+2).
   rC++:      It greatly protects you from cold.
 H - the +1 pair of gloves "Giranof" (worn) {^Drain rF++ Regen+ SInv}
   (You bought it in a shop on level 6 of the Dungeon)

   rF++:      It greatly protects you from fire.
   SInv:      It lets you see invisible.
   Regen+:    It increases your rate of health regeneration.
   ^Drain:    It drains your maximum health when unequipped.
 M - the +2 hood of the Assassin (worn) {Detect Stab+ Stlth++}
   (You bought it in a shop on level 6 of the Dungeon)

   Detect:    It allows the wearer to sense nearby creatures.
   Stab+:     It allows the wearer to make particularly effective stabbing
   attacks against helpless or unaware enemies with any weapon.
   Stlth++:   It makes you much more stealthy.
 X - the +0 pair of boots of Past Mistakes (worn) {Will++ Str-3}
   (You found it on level 4 of the Lair of Beasts)

   Str-3:     It affects your strength (-3).
   Will++:    It greatly increases your willpower.
Gizmo
 D - an experimental geoturbine (installed) {RevParry, rElec Will+}
   (You invented it yourself on level 4 of the Lair of Beasts)

   [experimental geoturbine]

   RevParry:  Your AC increases as you Rev (up to +5) and while fully Revved,
   your attacks may disarm enemies.
   rElec:     It insulates you from electricity.
   Will+:     It increases your willpower.
Wands
 p - a wand of flame (43)
 y - a wand of warping (17)
 A - a wand of mindburst (7)
 C - a wand of light (4)
 U - a wand of digging (5)
 V - a wand of charming (8)
Scrolls
 h - 7 scrolls of fog
 i - a scroll of enchant weapon
 j - 7 scrolls of teleportation
 m - 4 scrolls of revelation
 q - 4 scrolls of blinking
 r - 5 scrolls of immolation
 u - 5 scrolls of silence
 B - 7 scrolls of poison
 O - 5 scrolls of butterflies
 P - 5 scrolls of fear
 Z - 3 scrolls of vulnerability
Potions
 c - a potion of lignification
 n - 13 potions of curing
 o - a potion of ambrosia
 t - 2 potions of enlightenment
 v - 2 potions of attraction
 w - a potion of cancellation
 x - 3 potions of haste
 z - a potion of might
 K - 4 potions of heal wounds
 Q - 3 potions of invisibility
 T - 2 potions of berserk rage
Miscellaneous
 s - a phial of floods
 L - a phantom mirror
 R - a condenser vane
 S - a lightning rod (3/4)
 Y - a sack of spiders


   Skills:
 + Level 15.4 Fighting
 - Level 16.1(18.0) Axes
 - Level 12.1(15.2) Maces & Flails
 - Level 11.0 Throwing
 + Level 13.9 Armour
 - Level 10.2 Dodging
 - Level 2.0 Stealth
 - Level 14.0 Evocations


You had 18 spell levels left.
You didn't know any spells.
Your spell library contained the following spells:

 Spells                   Type           Power      Damage    Failure   Level
 Shock                    Conj/Air       0%         1d3       69%         1
 Sting                    Conj/Alch      0%         1d3       69%         1
 Summon Small Mammal      Summ           0%         N/A       69%         1
 Mercury Vapours          Alch/Air       0%         N/A       83%         2
 Call Canine Familiar     Summ           0%         N/A       96%         3
 Dazzling Flash           Conj/Hex       0%         N/A       96%         3
 Inner Flame              Hex/Fire       0%         N/A       96%         3
 Mephitic Cloud           Conj/Alch/Air  0%         N/A       96%         3
 Sigil of Binding         Hex            0%         N/A       96%         3
 Stone Arrow              Conj/Erth      0%         3d7       96%         3
 Swiftness                Air            0%         N/A       96%         3
 Airstrike                Air            0%         2d(0-16)  100%        4
 Animate Armour           Summ/Erth      0%         N/A       100%        4
 Brom's Barrelling Bould  Conj/Erth      0%         2d3       100%        4
 Flame Wave               Conj/Fire      0%         2d4       100%        4
 Olgreb's Toxic Radiance  Alch           0%         N/A       100%        4
 Sticky Flame             Fire/Alch      0%         2d4       100%        4
 Summon Blazeheart Golem  Fire/Summ      0%         N/A       100%        4
 Summon Lightning Spire   Summ/Air       0%         N/A       100%        4
 Vhi's Electric Charge    Tloc/Air       0%         N/A       100%        4
 Arcjolt                  Conj/Air       0%         1d10      100%        5
 Curse of Agony           Necr           0%         N/A       100%        5
 Fireball                 Conj/Fire      0%         3d3       100%        5
 Freezing Cloud           Conj/Ice/Air   0%         6-21      100%        5
 Iskenderun's Battlesphe  Conj           0%         2d6       100%        5
 Lee's Rapid Deconstruct  Erth           0%         3d4*      100%        5
 Silence                  Hex/Air        0%         N/A       100%        5
 Conjure Ball Lightning   Conj/Air       0%         3x3d6     100%        6
 Death Channel            Necr           0%         N/A       100%        6
 Plasma Beam              Fire/Air       0%         2x1d10    100%        6
 Sculpt Simulacrum        Ice/Alch       0%         N/A       100%        6
 Malign Gateway           Summ/Tloc      0%         N/A       100%        7
 Orb of Destruction       Conj           0%         9d5       100%        7
 Spellforged Servitor     Conj/Summ      0%         N/A       100%        7
 Lehudib's Crystal Spear  Conj/Erth      0%         10d2      100%        8
 Summon Horrible Things   Summ           0%         N/A       100%        8


Dungeon Overview and Level Annotations

Branches:
Dungeon (15/15)            Temple (1/1) D:4            Lair (5/5) D:8
 Shoals (4/4) Lair:2        Snake (4/4) Lair:3        Slime (0/5) Lair:4
    Orc (2/2) D:10            Elf (0/3) Orc:2        Vaults (0/5) D:13
 Depths (0/4) D:15          IceCv (visited)         Volcano (visited)
Gauntlet (visited)

Altars:
Ashenzari
Cheibriados
Dithmenos
Elyvilon
Fedhas
Gozag
Hepliaklqana
Kikubaaqudgha
Makhleb
Nemelex Xobeh
Okawaru
Qazlal
Ru
Sif Muna
Trog
Uskayaw
Vehumet
Wu Jian
Xom
Yredelemnul
Zin
The Shining One
Beogh
Jiyva

Shops:
D:4 *   D:6 **[   D:10 :   Orc:1 *   Orc:2 =[:?(   Shoals:2 !([(:   Snake:1 =*
Snake:2 *   Snake:3 *   Snake:4 [

Annotations:
D:7 exclusions: 2 doors, 2 electric eels and 1 more exclusion
Shoals:2 1 runed translucent door, Roxanne; Ziod Jao's ghost, journeyman MeWn
Shoals:4 Louise


Innate Abilities, Weirdness & Mutations

You can wield a second weapon in your off-hand.
It takes a long time for you to wield or remove held weapons.
Your first few attacks do less damage.
You cannot equip rings or amulets.


Message History

The angel hits you with a +1 whip of holy wrath!!
* * * LOW HITPOINT WARNING * * *
The angel hits you but does no damage.
You feel much better.
The angel gestures.
The angel is healed somewhat.
You hit the angel but do no damage.
The angel is heavily wounded.
You barely miss the angel with your +9 broad axe of flaming.
The angel hits you with a +1 whip of holy wrath!
* * * LOW HITPOINT WARNING * * *
The angel hits you with a +1 whip of holy wrath.
* * * LOW HITPOINT WARNING * * *
You slash the angel with your +9 broad axe of flaming!
You burn the angel.
The angel is severely wounded.
You bludgeon the angel with the +6 shillelagh "Devastator"!!
The angel shudders.
The angel is almost dead.
The angel gestures.
The angel is healed somewhat.
You miss the angel with the +6 shillelagh "Devastator".
The angel is almost dead.
You hit the angel but do no damage.
The angel hits you but does no damage. x2
You hit the angel but do no damage.
The angel is almost dead.
You miss the angel with your +9 broad axe of flaming.
The angel hits you with a +1 whip of holy wrath!!
* * * LOW HITPOINT WARNING * * *
The angel closely misses you.
Aiming: Thunderbolt
Press: ? - help, Shift-Dir - straight line, f - angel
Aim: an angel, wielding a +1 whip of holy wrath and wearing a +0 robe (almost dead, strong, haloed)
The thunderbolt hits the angel.
The angel resists.
The angel is almost dead.
The angel gestures.
The angel is healed somewhat.
The angel hits you with a +1 whip of holy wrath!!
You die...
Your body crumbles into a pile of gold.

≈≈≈≈≈≈≈~~~~~~..~..~~~....~...~~~
≈≈≈≈≈≈~~~~.............~...~~~~.
≈≈≈≈≈≈~~~~....###.........~~.~.[.
≈≈≈≈≈≈~~~....## #...#....~~~~~...
≈≈≈≈≈≈~~..#######..###....~~~..~.
≈≈≈≈≈≈~~.## #.....####...~~≈~....
≈≈≈≈≈≈~~.# #.....###....~~≈~~...
~~~≈≈≈~~.## ##.).A.##....~~≈≈~~..
~~~~≈≈≈~~.###...@........~~~~~~..
.~~~≈≈≈~~.......#.......~~≈~~~~..
##~≈≈≈≈≈≈~~~..####....##~~~~~.~..
#.~≈≈≈≈≈≈≈~~..# #...)##.)~~~~.~..
~~~≈≈≈≈≈≈≈~~~.# #......[.~~~~~~~.
~~~≈≈≈≈≈≈≈~~~.# #....###..~~~~~~~
~~~~~~≈≈≈~~~~.# #....# ##..~...~~
~~~~~~~~~~~~~.# #....# ##...P..~
..~~~~~~~~~~~.###..~.# ######.~


You could see an angel (strong).

Vanquished Creatures
  Mara (Snake:4)
  Saint Roka (Orc:2)
  Rupert (Lair:5)
  Mlioglotl (Snake:3)
  Aizul (Snake:3)
  Kirke (Shoals:1)
  4 nagarajas (Snake:4)
  Donald (Orc:2)
  A formless jellyfish (Shoals:3)
  A very ugly thing (IceCv)
  Nessos (Orc:2)
  An apis (Shoals:4)
  A minotaur (Gauntlet)
  The ghost of olmar the Destroyer, a journeyman DgCj (Lair:4)
  Snorg (Lair:4)
  A merfolk javelineer (Shoals:4)
  6 merfolk impalers
  An ice dragon (Lair:5)
  3 hydras
  A merfolk avatar (Shoals:3)
  2 centaur warriors
  6 merfolk aquamancers
  3 boulder beetles
  9 two-headed ogres
  A dancing weapon (Volcano)
  3 anacondas
  An ogre mage (D:15)
  A satyr (Shoals:3)
  A catoblepas (Lair:3)
  A deep troll earth mage (D:15)
  2 alligator snapping turtles (Shoals:4)
  24 naga warriors
  6 shock serpents
  Sonja (Lair:4)
  15 naga sharpshooters
  2 occultists (Volcano)
  3 orc high priests (Orc:2)
  7 sea snakes
  4 salamander mystics
  5 skysharks
  8 skeletal warriors (D:15)
  6 naga ritualists
  2 arcanists
  9 mana vipers
  An orange crystal statue (Gauntlet)
  A deep elf pyromancer (D:14)
  17 harpies
  A lindwurm (Lair:5)
  A wolf spider (Lair:5)
  4 orc knights (Orc:2)
  8 ugly things
  6 orc sorcerers
  9 cyclopes
  Maurice (D:8)
  A cyclops (shapeshifter) (D:13)
  15 fauns
  9 merfolk sirens
  22 salamanders
  10 manticores
  7 guardian serpents
  10 elephants
  2 kobold blastminers (Orc:2)
  28 naga magi
  16 cane toads
  5 toenail golems (Volcano)
  6 torpor snails
  45 black mambas
  2 water nymphs
  A gargoyle (D:13)
  A rime drake (Lair:2)
  2 kobold demonologists
  Maggie (D:8)
  A freezing wraith (D:15)
  2 unseen horrors
  Jeremiah (D:7)
  10 komodo dragons
  A yaktaur (D:15)
  An anaconda simulacrum (IceCv)
  25 merfolk
  3 trolls
  14 hornets
  A polar bear (Lair:5)
  4 tyrant leeches (Lair:5)
  8 wind drakes
  A hornet (shapeshifter) (D:13)
  Grinder (D:5)
  2 snapping turtles (Shoals:4)
  45 blink frogs
  A glass eye (shapeshifter) (D:13)
  12 dream sheep
  10 slime creatures
  6 shadows
  A centaur simulacrum (D:15)
  A wraith (D:10)
  A spriggan (shapeshifter) (D:13)
  A vampire (D:12)
  A yak (shapeshifter) (D:15)
  2 hogs (Shoals:1)
  55 yaks
  13 water elementals
  5 humans (Volcano)
  A steam dragon (D:7)
  Grum (D:8)
  26 wyverns
  9 vampire mosquitoes
  2 basilisks
  4 wargs
  3 redbacks (Lair:5)
  A redback simulacrum (D:14)
  Menkaure (D:4)
  A hydra simulacrum (IceCv)
  A harpy simulacrum (IceCv)
  4 acid dragons
  58 nagas
  29 water moccasins
  Duvessa (D:5)
  6 orc warriors
  2 ice beasts (D:7)
  5 black bears
  A sky beast (D:7)
  2 ettin simulacra (IceCv)
  12 ogres
  A boggart (D:15)
  3 laughing skulls (D:15)
  7 wolves
  7 centaurs
  A phantom (D:6)
  2 kobold brigands
  15 bullfrogs
  A gnoll sergeant (D:8)
  6 scorpions
  10 wights
  Dowan (D:5)
  3 lindwurm simulacra (IceCv)
  20 killer bees
  8 electric eels
  A howler monkey (D:6)
  4 lava snakes (Lair:3)
  A hound (D:4)
  16 orc priests
  2 gnoll boudas
  A jelly (D:5)
  4 iguanas
  20 orc wizards
  11 gnolls
  3 adders
  A shadow imp (D:5)
  2 white imps
  3 dart slugs
  3 ribbon worms
  46 orcs
  2 endoplasms (D:1)
  2 giant cockroaches (D:1)
  3 goblins
  3 hobgoblins
  3 quokkas (D:1)
  3 ball pythons (D:1)
  9 bats
  7 frilled lizards
  23 kobolds
  3 rats
  A butterfly (Lair:3)
1045 creatures vanquished.

Vanquished Creatures (collateral kills)
  A nagaraja (Snake:2)
  Erolcha (Orc:2)
  A merfolk siren (Lair:2)
  A black mamba (Snake:2)
  A merfolk (Lair:2)
  2 orc warriors (Orc:2)
  An ogre (Orc:2)
  2 orcs (Orc:2)
10 creatures vanquished.

Vanquished Creatures (others)
  An orc priest (Orc:2)
  An orc wizard (D:8)
2 creatures vanquished.

Grand Total: 1057 creatures vanquished

Notes
Turn   | Place    | Note
-------+----------+-------------------------------------------
     0 | D:1      | Daunt the Coglin Gladiator began the quest for the Orb.
     0 | D:1      | Reached XP level 1. HP: 16/16 MP: 1/1
   172 | D:1      | Reached XP level 2. HP: 17/22 MP: 2/2
   400 | D:1      | Found a faded altar of an unknown god.
   578 | D:1      | Reached skill level 4 in Axes
   740 | D:1      | Reached XP level 3. HP: 25/27 MP: 3/3
  1276 | D:2      | Reached XP level 4. HP: 22/33 MP: 4/4
  1280 | D:2      | Reached skill level 5 in Axes
  1921 | D:3      | Found a hide-covered altar of Uskayaw.
  2137 | D:4      | Reached XP level 5. HP: 30/38 MP: 5/5
  2287 | D:4      | Reached skill level 6 in Axes
  2295 | D:4      | Found a staircase to the Ecumenical Temple.
  2302 | Temple   | Entered the Ecumenical Temple
  2309 | Temple   | Became a worshipper of Gozag Ym Sagoz the Greedy
  2358 | D:4      | Found Qaamer's Assorted Antiques.
  2366 | D:4      | Bought a red potion for 28 gold pieces
  2717 | D:4      | Noticed Menkaure
  2837 | D:5      | Entered Level 5 of the Dungeon
  2837 | D:5      | Noticed Grinder
  2956 | D:5      | Noticed an ogre
  2956 | D:5      | Noticed an ogre
  2956 | D:5      | Noticed an ogre
  2956 | D:5      | Noticed Duvessa
  2956 | D:5      | Noticed Dowan
  2956 | D:5      | Found the +6 shillelagh "Devastator" {shatter}
  2964 | D:4      | Killed an ogre
  2965 | D:4      | Reached XP level 6. HP: 6/44 MP: 6/6
  3201 | D:4      | Reached skill level 7 in Axes
  3241 | D:4      | Bought an ivory wand for 128 gold pieces
  3622 | D:5      | Reached XP level 7. HP: 45/50 MP: 7/7
  3704 | D:5      | Reached skill level 8 in Axes
  3706 | D:5      | Found an ancient bone altar of Kikubaaqudgha.
  3749 | D:5      | Killed Duvessa
  3909 | D:4      | Bought a scroll of identify for 64 gold pieces
  4067 | D:5      | Reached skill level 1 in Armour
  4196 | D:5      | Killed Dowan
  4217 | D:5      | Reached XP level 8. HP: 38/57 MP: 8/8
  4369 | D:4      | Killed Menkaure
  4370 | D:4      | Reached skill level 9 in Axes
  4526 | D:5      | Paralysed by Grinder for 4 turns
  4535 | D:5      | Killed Grinder
  5103 | D:6      | Found Joecsaul's Armour Boutique.
  5337 | D:6      | Found Giung's Assorted Antiques.
  5345 | D:6      | Bought a scroll labelled WAMIVV NEXIGO for 27 gold pieces
  5391 | D:6      | Identified the +5 bardiche "Heczaaz" {protect, rCorr SInv}
  5416 | D:6      | Reached skill level 1 in Maces & Flails
  5496 | D:6      | Found a shadowy altar of Dithmenos.
  5580 | D:6      | Found Maylao's General Store.
  5585 | D:6      | Bought a scroll of poison for 60 gold pieces
  5663 | D:6      | Reached XP level 9. HP: 66/66 MP: 9/9
  5756 | D:6      | Found a white marble altar of Elyvilon.
  5756 | D:6      | Found an iron altar of Okawaru.
  5886 | D:6      | Bought a heavily runed scale mail for 243 gold pieces
  5886 | D:6      | Identified the +2 scale mail of the Barber Surgeon {rC++
                  | Slay+2} (You bought it in a shop on level 6 of the Dungeon)
  6016 | D:7      | Noticed Jeremiah
  6079 | D:7      | Killed Jeremiah
  6080 | D:7      | Reached skill level 5 in Maces & Flails
  6585 | D:7      | You fall into a shaft and drop 1 floor!
  6591 | D:8      | Noticed Grum
  6602 | D:8      | Killed Grum
  6614 | D:8      | Found a stormy altar of Qazlal.
  6737 | D:7      | Reached XP level 10. HP: 73/73 MP: 10/10
  6779 | D:6      | Bought a pair of faintly glowing gloves for 256 gold pieces
  6779 | D:6      | Identified the +1 pair of gloves "Giranof" {^Drain rF++
                  | Regen+ SInv} (You bought it in a shop on level 6 of the
                  | Dungeon)
  7613 | D:8      | Reached skill level 10 in Maces & Flails
  7678 | D:8      | Found a staircase to the Lair.
  7737 | D:8      | Found a shimmering altar of Xom.
  7790 | D:8      | Found a blossoming altar of Fedhas.
  7846 | D:8      | Found a glowing golden altar of the Shining One.
  7869 | D:8      | Noticed Maurice
  7901 | D:8      | Killed Maurice
  7962 | D:8      | Noticed Maggie
  7968 | D:8      | Killed Maggie
  8325 | D:9      | Reached XP level 11. HP: 76/78 MP: 11/11
  8421 | D:9      | Noticed a two-headed ogre
  8430 | D:9      | Killed a two-headed ogre
  8484 | D:9      | Found a broken altar of Ashenzari.
  8610 | D:9      | Reached skill level 1 in Evocations
  8778 | D:9      | Found a burning altar of Makhleb.
  8778 | D:9      | Noticed a green death
  9029 | D:6      | Bought the +2 hood of the Assassin {Detect Stab+ Stlth++}
                  | for 720 gold pieces
  9029 | D:6      | Found the +2 hood of the Assassin {Detect Stab+ Stlth++}
  9269 | D:10     | Entered Level 10 of the Dungeon
  9284 | D:10     | Found a transporter.
  9284 | D:10     | Found Atadis's Book Boutique.
  9438 | D:6      | Bought a scroll of identify for 54 gold pieces
  9600 | D:10     | Found a transporter.
  9708 | D:10     | Found a shimmering blue altar of Sif Muna.
  9801 | D:10     | Found a staircase to the Orcish Mines.
  9808 | D:10     | Found a basalt altar of Yredelemnul.
  9883 | D:10     | Reached skill level 5 in Fighting
 10301 | Lair:1   | Entered Level 1 of the Lair of Beasts
 10329 | D:8      | Reached skill level 5 in Evocations
 10464 | Lair:1   | Reached skill level 5 in Armour
 10565 | Lair:1   | Identified the +0 ring mail of Duibb {Stlth+}
 10749 | Lair:1   | Reached XP level 12. HP: 66/89 MP: 12/12
 11371 | Lair:1   | Identified the +1 leather armour of Gallantry {Fly rElec
                  | rN+ Dex-4}
 11681 | Lair:2   | Found a gate leading to a gauntlet.
 11709 | Gauntlet | Entered a Gauntlet
 11709 | Gauntlet | Found a transporter.
 11709 | Gauntlet | Found a transporter.
 11710 | Gauntlet | Found a transporter.
 11713 | Gauntlet | Found a transporter.
 11713 | Gauntlet | Found a transporter.
 11723 | Gauntlet | Found a transporter.
 11724 | Gauntlet | Found a transporter.
 11736 | Gauntlet | Found a transporter.
 11744 | Gauntlet | Found a transporter.
 11748 | Gauntlet | Noticed a death scarab
 11761 | Gauntlet | Found a transporter.
 11766 | Gauntlet | Found a transporter.
 11788 | Gauntlet | Found a transporter.
 12005 | Gauntlet | Identified the +5 battleaxe "Geattof" {pain, Str+3}
 12005 | Gauntlet | Noticed a minotaur
 12017 | Gauntlet | Killed a minotaur
 12018 | Gauntlet | Reached skill level 1 in Stealth
 12376 | Lair:2   | Found a staircase to the Shoals.
 12463 | Lair:2   | Reached XP level 13. HP: 100/100 MP: 13/13
 12561 | Lair:2   | Reached skill level 5 in Throwing
 13734 | Lair:3   | Reached skill level 10 in Fighting
 13867 | Lair:3   | Found a staircase to the Snake Pit.
 14314 | Lair:4   | Noticed Snorg
 14314 | Lair:4   | Noticed Sonja
 14327 | Lair:4   | Killed Snorg
 14328 | Lair:4   | Killed Sonja
 14467 | Lair:4   | Reached skill level 10 in Evocations
 14625 | D:6      | Bought a sack of spiders for 1080 gold pieces
 14841 | Lair:4   | Found a viscous altar of Jiyva.
 14841 | Lair:4   | Found a staircase to the Slime Pits.
 14842 | Lair:4   | Found a runed translucent door.
 14842 | Lair:4   | Noticed olmar's ghost (journeyman DgCj)
 15057 | Lair:4   | Reached XP level 14. HP: 111/111 MP: 14/14
 15057 | Lair:4   | Acquired an experimental geoturbine {RevParry, rElec Will+}
 15219 | Lair:4   | Killed olmar's ghost
 15222 | Lair:4   | Identified the +0 pair of boots of Past Mistakes {Will++
                  | Str-3}
 15257 | Lair:5   | Entered Level 5 of the Lair of Beasts
 15661 | Lair:5   | Noticed Rupert
 15836 | Lair:5   | Reached skill level 5 in Dodging
 16052 | Lair:5   | Killed Rupert
 16236 | Lair:5   | Reached skill level 10 in Armour
 16796 | Lair:5   | Paralysed by a hornet for 1 turns
 17142 | Lair:5   | Reached XP level 15. HP: 106/119 MP: 15/15
 18569 | D:12     | Found a roughly hewn altar of Beogh.
 18665 | D:13     | Found a gate to the Vaults.
 19426 | D:14     | Found a shimmering blue altar of Sif Muna.
 19497 | D:14     | Found a radiant altar of Vehumet.
 20035 | D:15     | Entered Level 15 of the Dungeon
 20623 | D:15     | Found a staircase to the Depths.
 20663 | D:15     | Reached XP level 16. HP: 98/130 MP: 16/16
 21093 | Orc:1    | Entered Level 1 of the Orcish Mines
 21101 | Orc:1    | Found Ynotoj's General Store.
 21315 | Orc:2    | Entered Level 2 of the Orcish Mines
 21315 | Orc:2    | Found a bloodstained altar of Trog.
 21343 | Orc:2    | Found Qotup's Antique Weapon Emporium.
 21359 | Orc:2    | Found a staircase to the Elven Halls.
 21458 | Orc:2    | Noticed Donald
 21467 | Orc:2    | Killed Donald
 21502 | Orc:2    | Found a dark tunnel.
 21529 | Volcano  | Entered a volcano
 22126 | Orc:2    | Noticed Erolcha
 22140 | Orc:2    | Noticed Nessos
 22145 | Orc:2    | Killed Erolcha
 22146 | Orc:2    | Noticed Saint Roka
 22163 | Orc:2    | Killed Saint Roka
 22208 | Orc:2    | Killed Nessos
 22528 | Orc:2    | Found Mielog's Book Boutique.
 22744 | Orc:2    | Found Isiz's Magic Scroll Boutique.
 22746 | Orc:2    | Found Zimydo Weass's Antique Armour Emporium.
 22751 | Orc:2    | Found Cichalume's Jewellery Emporium.
 22781 | Orc:2    | Bought a scroll of identify for 30 gold pieces
 22781 | Orc:2    | Bought a scroll of fear for 60 gold pieces
 22781 | Orc:2    | Bought a scroll of butterflies for 60 gold pieces
 22784 | Orc:2    | Bought a shiny plate armour for 858 gold pieces
 22784 | Orc:2    | Bought an embroidered scarf for 264 gold pieces
 23063 | Snake:1  | Entered Level 1 of the Snake Pit
 23622 | Snake:1  | Found Naedem's Assorted Antiques.
 23996 | Snake:1  | Found Jugaobiu's Jewellery Shoppe.
 24476 | Snake:2  | Noticed a nagaraja
 24561 | Snake:1  | Reached skill level 10 in Dodging
 24731 | Snake:2  | Identified a scroll of acquirement
 24735 | Snake:2  | Acquired a +5 broad axe of flaming
 24765 | Snake:2  | Bought a scroll of acquirement for 1040 gold pieces
 24765 | Snake:2  | Acquired 459 gold pieces
 25015 | Snake:2  | Reached XP level 17. HP: 139/139 MP: 17/17
 25047 | Snake:2  | Reached skill level 10 in Axes
 25576 | Snake:2  | Identified the +2 ring mail of Sorcery {Rampage rC+ rN+
                  | Dex-5}
 25586 | Snake:2  | Reached skill level 11 in Axes
 25973 | Snake:3  | Reached skill level 12 in Axes
 25982 | Snake:3  | Noticed Mlioglotl
 25994 | Snake:3  | Killed Mlioglotl
 26023 | Snake:3  | Found Gaseedue's Assorted Antiques.
 26211 | Snake:3  | Reached skill level 13 in Axes
 26230 | Snake:3  | Identified the +6 morningstar "Lifebane" {venom, ^Contam
                  | Will+ Str+3 Int+3}
 26235 | Snake:3  | Found a glacial archway.
 26259 | IceCv    | Entered an ice cave
 26281 | IceCv    | Found a transporter.
 26381 | IceCv    | Found a transporter.
 26798 | Snake:3  | Identified the +1 long sword "Osageo" {distort, Fly}
 27160 | Snake:4  | Entered Level 4 of the Snake Pit
 27271 | Snake:4  | Reached skill level 14 in Axes
 27523 | Snake:4  | Identified the serpent talisman "Cosoes" {rF- Will+++ Str+4
                  | Int+4}
 27523 | Snake:4  | Noticed Aizul
 27526 | Snake:4  | Noticed Mara
 27553 | Snake:3  | Killed Aizul
 27637 | Snake:4  | Noticed Daunt's illusion
 27873 | Snake:4  | Noticed Daunt's illusion
 27875 | Snake:4  | Killed Mara
 28105 | Snake:4  | Reached skill level 15 in Axes
 28105 | Snake:4  | Reached XP level 18. HP: 146/146 MP: 18/18
 28143 | Snake:4  | Found Pifixun's Antique Armour Emporium.
 28775 | Snake:4  | Reached skill level 16 in Axes
 29573 | Snake:4  | Got a serpentine rune of Zot
 30102 | Shoals:1 | Entered Level 1 of the Shoals
 30992 | Shoals:1 | Noticed Kirke
 31012 | Shoals:1 | Killed Kirke
 31291 | Shoals:2 | Found Fatiella's Weapon Shop.
 31610 | Shoals:2 | Found Mikuigg's Antique Armour Boutique.
 31690 | Shoals:2 | Found Hacacutol's Book Boutique.
 31892 | Shoals:2 | Found Ozy Joen's Antique Weapon Boutique.
 31895 | Shoals:2 | Found a runed translucent door.
 31904 | Shoals:2 | Noticed Ziod Jao's ghost (journeyman MeWn)
 31915 | Shoals:2 | Found Tabykiel's Distillery.
 32119 | Shoals:2 | Noticed Roxanne
 32330 | Shoals:2 | Reached skill level 10 in Throwing
 32431 | Shoals:3 | Reached skill level 15 in Fighting
 32433 | Shoals:3 | Reached XP level 19. HP: 118/155 MP: 19/19
 33205 | Shoals:4 | Entered Level 4 of the Shoals
 33216 | Shoals:4 | Paralysed by a formless jellyfish for 1 turns
 33307 | Shoals:4 | Noticed Louise
 33325 | Shoals:3 | HP: 7/155 [wind drake/the air (19)]
 33850 | Shoals:4 | Found a glowing silver altar of Zin.
 34315 | Shoals:4 | Found a white marble altar of Elyvilon.
 34403 | Shoals:4 | Identified the amulet "Qymen" {rPois rN+ Will+ RegenMP+}
 34415 | Shoals:3 | HP: 7/155 [angel/+1 whip of holy wrath (28)]
 34416 | Shoals:3 | Demolished by an angel

Illustrated notes

Levels and vault maps discovered:
D:1:      amcnicky_arrival_abandoned_market, layout_loops_ring,
          chequers_ecumenical_altar_island, serial_forest,
          infiniplex_forest_clump_medium, infiniplex_forest_clump_small,
          infiniplex_forest_lined_2, infiniplex_forest_lined_3,
          infiniplex_forest_clump_tiny, infiniplex_forest_clump_long,
          infiniplex_forest_straight_1, infiniplex_forest_join
D:2:      layout_loops_ring
D:3:      layout_rooms, eat_drink_and_be_merry_uskayaw
D:4:      layout_gridville, temple_fountains, serial_shops,
          nicolae_shop_dealshenge, uniq_menkaure
D:5:      nicolae_cairo_tiling, layout_basic, mainiacjoe_overflow_24_doors,
          dilly_guarded_unrand_devastator, uniq_duvessa, uniq_grinder
D:6:      layout_cave_pools, mainiacjoe_overflow_catwalk,
          gammafunk_temple_overflow_statue, serial_shops, nicolae_diamond_shop,
          kennysheep_little_box, shop, kennysheep_small_circle
D:7:      layout_layer_cave, grunt_decor_fettered, chequers_garden,
          kennysheep_generic_room_2, uniq_jeremiah
D:8:      layout_basic, mainiacjoe_overflow_tiny_flanked, fedhas_ov_isle_minmay,
          mainiacjoe_overflow_chevrons, mainiacjoe_overflow_small_starburst,
          due_lair_maze_entry_diamond, uniq_maggie, uniq_maurice, uniq_grum
D:9:      layout_long_grid, amcnicky_altar_gilded, makhleb_altar_promises_db,
          eino_small_chamber_without_monster, minmay_curled_crystal,
          chequers_serial_rivers_micro_a
D:10:     layout_gridville, general_overflow_altar, overflow_temple_1_default,
          orc_0_dummy, serial_shops, nicolae_shop_drivethru
D:11:     layout_roguey, minmay_misc_feat_enclosed
D:12:     layout_loops_ring, david_defended_altar_orc
D:13:     layout_rooms, david_vaults_2
D:14:     layout_roguey, lemuel_crystal_altar, hellmonk_sif_muna_bookshelves
D:15:     hellmonk_depths_entry_around_the_bend, layout_irregular_city
Temple:   nicolae_temple_ecumenical_triangle
Lair:1:   layout_cave_pods, serial_bayou, serial_bayou_crossing,
          serial_bayou_pond_c, serial_bayou_lake_a, serial_bayou_pond_d,
          lemuel_fruit_tree, infiniplex_staircase_pool
Lair:2:   layout_cave_pods, elwin_shoals_entry_stream, gauntlet_entry_generic,
          nicolae_lair_grove_arrangements, grunt_megastairs_4,
          serial_bayou_shore_b
Lair:3:   layout_roguey, nicolae_snake_entry_warm_welcome, lemuel_fruit_fields,
          lemuel_fruit_fields
Lair:4:   layout_roguey, slime_entry_1, gammafunk_ghost_grave, uniq_snorg,
          uniq_sonja
Lair:5:   hangedman_lair_tendril_chambers, layout_gridlike, wormcave,
          dreamdust_gnoll_shepherd, uniq_rupert
Shoals:1: layout_shoals, uniq_kirke
Shoals:2: layout_shoals, serial_shops, shop, nicolae_shop_waterfront,
          nicolae_shop_tiny_real_fake_doors, nicolae_shop_bloodbath_and_beyond,
          shop, ebering_ghost_inner_flame, uniq_roxanne
Shoals:3: layout_shoals, nicolae_shoals_former_cling_ruins
Shoals:4: shoals_end_hellmonk_holy_island, uniq_louise
Snake:1:  layout_rooms, serial_bayou_ford_a, minmay_shoptagon
Snake:2:  layout_onion_interference, nicolae_snake_snakewalk
Snake:3:  layout_misc_corridors, portal_ice_cave_entry_pillars_2, serial_shops,
          shop, grunt_megastairs_1, uniq_mlioglotl
Snake:4:  snake_pit, layout_cave_town, serial_shops, shop,
          nicolae_snake_flat_spine, uniq_mara, uniq_aizul
Orc:1:    layout_caves, serial_shops, nicolae_shop_tiny_glass,
          nicolae_lakefront_shop, nicolae_shop_getting_attention
Orc:2:    st_orc_elflike, layout_diamond_mine, basic_altar,
          lightli_volcano_entry_magma_tube, serial_shops, shop, uniq_saint_roka,
          uniq_nessos, uniq_erolcha, uniq_donald

Skill      XL: |  1  2  3  4  5  6  7  8  9 10 11 12 13 14 15 16 17 18 19 |
---------------+----------------------------------------------------------+-----
Axes           | 4 5 6 7 8 9 15 16 | 16.1
Armour         | 1 3 5 7 9 10 11 12 13 | 13.9
Fighting       | 4 6 8 10 11 13 14 15 | 15.4
Maces & Flails | 3 8 11 12 | 12.1
Evocations     | 6 8 10 12 13 14 | 14.0
Throwing       | 4 6 7 8 10 11 | 11.0
Stealth        | 2 |  2.0
Dodging        | 3 6 8 10 | 10.2

Action                     |  1- 3 |  4- 6 |  7- 9 | 10-12 | 13-15 | 16-18 | 19-21 || total
---------------------------+-------+-------+-------+-------+-------+-------+-------++-------
  Melee: War axe           |    85 |   110 |   105 |       |       |   583 |       ||   883
         Dagger            |    16 |       |       |       |       |       |       ||    16
         Shillelagh        |       |       |    59 |   330 |   790 |   824 |   123 ||  2126
         Mace              |       |       |    19 |   302 |   707 |    21 |       ||  1049
         Broad axe         |       |       |       |       |       |   276 |   121 ||   397
  Throw: Stone             |     8 |    30 |    42 |    29 |    15 |    21 |       ||   145
         Dart              |       |       |     7 |       |       |     2 |       ||     9
         Boomerang         |       |       |       |       |       |     7 |    25 ||    32
 Invoke: Call Merchant     |       |       |       |       |       |     1 |       ||     1
         Potion Petition   |       |       |       |       |       |     1 |       ||     1
Ability: Invent Gizmo      |       |       |       |       |     1 |       |       ||     1
  Evoke: Wand              |       |       |       |     9 |     2 |    15 |       ||    26
         Phantom mirror    |       |       |       |     1 |     1 |     1 |       ||     3
         Lightning rod     |       |       |       |       |       |     4 |     1 ||     5
         Sack of spiders   |       |       |       |       |       |     1 |       ||     1
    Use: Scroll            |       |     6 |     6 |     4 |     8 |    15 |       ||    39
         Potion            |       |     1 |     1 |     3 |     2 |     5 |     4 ||    16
   Stab: Sleeping          |     1 |     1 |       |     5 |    17 |    16 |     2 ||    42
         Distracted        |       |       |     1 |     1 |     5 |     8 |     1 ||    16
         Petrifying        |       |       |       |       |     1 |       |       ||     1
         Petrified         |       |       |       |       |     1 |       |       ||     1
         Invisible         |       |       |       |       |       |     6 |       ||     6
 Armour: Leather armour    |    34 |     6 |    15 |       |       |       |       ||    55
         Ring mail         |       |    32 |    20 |       |       |       |       ||    52
         Scale mail        |       |       |    45 |   118 |   204 |   233 |   182 ||   782
         Swamp dragon scal |       |       |       |    99 |   319 |   518 |       ||   936
         Plate armour      |       |       |       |       |       |    88 |       ||    88
         Crystal plate arm |       |       |       |       |       |     3 |       ||     3
  Dodge: Dodged            |    40 |    34 |    46 |   114 |   342 |   510 |    97 ||  1183

Table legend: (Time is in decaauts)
 A = Elapsed time spent in this place.
 B = Non-inter-level travel time spent in this place.
 C = Inter-level travel time spent in this place.
 D = Time resting spent in this place.
 E = Time spent auto-exploring this place.
 F = Levels seen in this place.
 G = Mean time per level.
                   A        B        C        D        E       F      G
               +--------+--------+--------+--------+--------+-----+--------+
         Total |  34236 |  30519 |   3717 |   1502 |  18376 |  34 | 1006.9 |
       Dungeon |  14204 |  12511 |   1693 |    526 |   8961 |  15 |  946.9 |
        Temple |     12 |      8 |      4 |      0 |      0 |   1 |   12.0 |
          Lair |   6660 |   5948 |    712 |     41 |   3966 |   5 | 1332.0 |
        Shoals |   4521 |   4019 |    502 |    459 |   2001 |   4 | 1130.2 |
     Snake Pit |   6445 |   5698 |    747 |    360 |   2531 |   4 | 1611.2 |
  Orcish Mines |   1479 |   1421 |     58 |     13 |    774 |   2 |  739.5 |
      Ice Cave |    210 |    210 |      0 |     58 |     39 |   1 |  210.0 |
       Volcano |    314 |    314 |      0 |      0 |     66 |   1 |  314.0 |
      Gauntlet |    388 |    388 |      0 |     44 |     37 |   1 |  388.0 |
               +--------+--------+--------+--------+--------+-----+--------+

Top non-repeatable levels by time:
 Snake:4: 2139 daAuts
  Lair:5: 1939 daAuts
Shoals:3: 1639 daAuts
     D:7: 1557 daAuts
     D:4: 1544 daAuts
 Snake:1: 1477 daAuts
 Snake:3: 1432 daAuts
  Lair:1: 1428 daAuts
 Snake:2: 1395 daAuts
     D:5: 1332 daAuts
Shoals:2: 1313 daAuts
  Lair:3: 1283 daAuts
   Orc:2: 1257 daAuts
  Lair:2: 1241 daAuts
Shoals:1: 1236 daAuts
